 Dungeon Crawl Stone Soup version 0.25-a0-589-g1e14c549ee (webtiles) character file.

Game seed: 2745503341868790420, levelgen mode: deterministic

2 MisterFreud the Charmwright (level 1, -3/9 HPs)
             Began as a Felid Skald on Mar 10, 2020.
             Slain by a kobold
             ... wielding a +0 short sword
              (6 damage)
             ... on level 1 of the Dungeon.
             The game lasted 00:00:22 (62 turns).

MisterFreud the Charmwright (Felid Skald)             Turns: 62, Time: 00:00:23

Health: -3/9       AC:  1    Str:  7    XL:     1   Next: 33%
Magic:  3/4        EV: 18    Int: 14    God:
Gold:   0          SH:  0    Dex: 15    Spells: 3/4 levels left
                                        Lives:  0   Deaths: 0

rFire    . . .     SeeInvis +     - Unarmed
rCold    . . .     Gourm    .   (shield unavailable)
rNeg     . . .     Faith    .   (armour unavailable)
rPois    .         Spirit   .   (helmet unavailable)
rElec    .         Reflect  .   (cloak unavailable)
rCorr    .         Harm     .   (gloves unavailable)
MR       .....                  (boots unavailable)
Stlth    ++........             (no amulet)
HPRegen  0.03/turn              (no ring)
MPRegen  0.09/turn              (no ring)

@: infused, quick
A: very small, no armour, no weapons or thrown items, stealth, claws 1, fangs 3,
see invisible, carnivore, speed 1, shaggy fur 1, slow metabolism 1, sharp paws
a: no special abilities


You were on level 1 of the Dungeon.
You were not hungry.

You visited 1 branch of the dungeon, and saw 1 of its levels.

Inventory:

Potions
 a - a potion of heal wounds {unknown}
Comestibles
 b - a ration


   Skills:
 * Level 2.2 Fighting
 - Level 3.2 Dodging
 - Level 2.0 Unarmed Combat
 - Level 2.0 Spellcasting
 - Level 3.6 Charms


You had 3 spell levels left.
You knew the following spells:

 Your Spells              Type           Power        Failure   Level  Hunger
a - Infusion              Chrm           ##..         5%          1    ##.....

Your spell library contained the following spells:

 Spells                   Type           Power        Failure   Level  Hunger
 Song of Slaying          Chrm           ##......     9%          2    ###....
 Shroud of Golubria       Chrm/Tloc      #.....       17%         2    ###....
 Ozocubu's Armour         Chrm/Ice       #.......     34%         3    ####...
 Spectral Weapon          Hex/Chrm       Unusable     N/A         3    N/A

Dungeon Overview and Level Annotations

Branches:
Dungeon (1/15)

Altars:


Innate Abilities, Weirdness & Mutations

You cannot wear armour.
You are incapable of wielding weapons or throwing items.
Your paws allow you to move quietly. (Stealth)
You have sharp claws.
You have razor-sharp teeth.
You have supernaturally acute eyesight. (SInv)
You are carnivorous and can eat meat at any time.
You cover ground quickly.
You are covered in fur. (AC +1)
You have a slow metabolism.
Your sharp claws are effective at attacking unaware monsters.


Message History

The kobold shouts!
The kobold throws a stone.
The stone hits you but does no damage.
You see here a stone.
The kobold throws a stone.
The stone misses you.
You see here a fuming ruby potion.
Casting: Infusion (safe; 5% risk of failure)
Confirm with . or Enter, or press ? or * to list all spells.
You begin infusing your attacks with magical energy.
The kobold throws a stone.
The stone misses you. The kobold barely misses you.
You completely miss the kobold. The kobold barely misses you.
You completely miss the kobold.
The kobold hits you with a +0 short sword.
Ouch! That really hurt!
You barely miss the kobold. The kobold closely misses you.
You barely miss the kobold. Your bite misses the kobold. The kobold misses you.
You closely miss the kobold.
The kobold hits you with a +0 short sword.
Ouch! That really hurt!
You die...

#...≈.<.≈[...#
#...≈...≈....#
#....≈≈≈....##
##.........##
##.......##
###....## #...##
## ##.###########
#.##...(.(..!@K.#
#..÷....#######.#
#.##..### # #.
#..# .. #..# ##.
#..# #. #... #.
..... ## ##.##


You could see a kobold.

Vanquished Creatures
  A giant cockroach (D:1)
  A goblin (D:1)
2 creatures vanquished.

Notes
Turn   | Place    | Note
-------+----------+-------------------------------------------
     0 | D:1      | MisterFreud the Felid Skald began the quest for the Orb.
     0 | D:1      | Reached XP level 1. HP: 9/9 MP: 4/4
    62 | D:1      | Slain by a kobold

Levels and vault maps discovered:
D:1:      enne_arrival_octagon_isle, layout_loops_ring

Action                   || total
-------------------------++-------
Melee: Unarmed           ||     9
       Bite              ||     1
 Cast: Infusion          ||     2
  Eat: Chunk             ||     1
Armor: Skin              ||     1
Dodge: Dodged            ||     9

Table legend:
 A = Non-vault XP
 B = Vault XP
 C = Vault XP percentage of total XP
 D = Non-vault monster count
 E = Vault monster count
 F = Vault count percentage of total count
                 A         B        C        D         E       F
            +---------+---------+-------+---------+---------+-------
      Total |       4 |       0 |   0.0 |       2 |       0 |   0.0
            +---------+---------+-------+---------+---------+-------
        D:1 |       4 |       0 |   0.0 |       2 |       0 |   0.0
            +---------+---------+-------+---------+---------+-------
